 Dungeon Crawl Stone Soup version 0.28.0-62-gf88900778d (webtiles) character file.

Game seed: 13690106713218316315

2828 cbfl8 the Spear-Bearer (level 9, -1/68 HPs)
             Began as a Merfolk Gladiator on July 4, 2023.
             Was an Initiate of Okawaru.
             Killed from afar by a steam dragon (17 damage)
             ... with a ball of steam
             ... on level 7 of the Dungeon.
             The game lasted 00:06:58 (9123 turns).

cbfl8 the Spear-Bearer (Merfolk Gladiator)          Turns: 9123, Time: 00:06:59

Health: -1/68      AC: 11    Str: 17    XL:     9   Next: 73%
Magic:  9/9        EV:  9    Int:  7    God:    Okawaru [......]
Gold:   204        SH:  0    Dex: 17    Spells: 8/8 levels left

rFire   . . .      SeeInvis .   o - +2 trident (freeze)
rCold   . . .      Faith    .   (no shield)
rNeg    . . .      Spirit   .   k - +0 chain mail
rPois   .          Reflect  .   c - +0 helmet
rElec   .          Harm     .   (no cloak)
rCorr   .          Rampage  .   m - +0 pair of gloves
Will    .....                   (no boots)
Stlth   ..........              (no amulet)
HPRegen 0.21/turn               (no ring)
MPRegen 0.11/turn               (no ring)

@: no status effects
A: (nimble swimmer 2), mertail
a: Renounce Religion


You were on level 7 of the Dungeon.
You worshipped Okawaru.
Okawaru was noncommittal.
You visited 2 branches of the dungeon, and saw 9 of its levels.

You collected 204 gold pieces.

Inventory:

Hand Weapons
 a - a +0 trident of flaming
 o - a +2 trident of freezing (weapon)
Missiles
 d - 4 throwing nets (quivered)
Armour
 c - a +0 helmet (worn)
 k - a +0 chain mail (worn)
 m - a +0 pair of gloves (worn)
Wands
 q - a wand of mindburst (12)
Scrolls
 b - a scroll of amnesia {unknown}
 f - a scroll of acquirement {unknown}
 h - a scroll of teleportation
 i - a scroll of brand weapon
 p - a scroll of noise
 t - a scroll of magic mapping
Potions
 e - 3 potions of ambrosia {unknown}
 g - 3 potions of heal wounds {unknown}
 n - a potion of degeneration {unknown}
 r - a potion of might {unknown}
 s - a potion of cancellation {unknown}


   Skills:
 + Level 5.5 Fighting
 + Level 12.7 Polearms
 + Level 2.1 Throwing
 + Level 4.0 Armour
 + Level 5.8 Dodging
 + Level 1.3 Stealth
 * Level 5.4 Evocations


You had 8 spell levels left.
You didn't know any spells.
Your spell library contained the following spells:

 Spells                   Type           Power      Damage    Failure   Level
 Magic Dart               Conj           0%         1d3       100%        1
 Ensorcelled Hibernation  Hex/Ice        0%         N/A       100%        2
 Passwall                 Tmut/Erth      0%         N/A       100%        2
 Searing Ray              Conj           0%         2d4       100%        2
 Swiftness                Air            0%         N/A       100%        3
 Fulminant Prism          Conj/Hex       0%         3d6       100%        4
 Passage of Golubria      Tloc           0%         N/A       100%        4
 Yara's Violent Unravell  Hex/Tmut       0%         3d3       100%        5
 Tukima's Dance           Hex            Unusable   N/A       N/A         3

Dungeon Overview and Level Annotations

Branches:
Dungeon (8/15)             Temple (1/1) D:6
   Lair: D:8-11

Altars:
Ashenzari
Cheibriados
Elyvilon
Fedhas
Gozag
Hepliaklqana
Kikubaaqudgha
Makhleb
Okawaru
Qazlal
Sif Muna
Trog
Vehumet
Wu Jian
Xom
Zin
The Shining One


Innate Abilities, Weirdness & Mutations

((You are very nimble when in or above water. (Stealth+, EV+, Speed+++)))
Your lower body shifts to a powerful aquatic tail in water.


Message History

The centaur is heavily wounded.
You puncture the centaur! You freeze the centaur.
The centaur is almost dead.
The centaur closely misses you.
The centaur kicks you but does no damage.
You hit the centaur. You freeze the centaur.
You kill the centaur!
Okawaru accepts your kill.
You closely miss the steam dragon.
The steam dragon bites you but does no damage.
The steam dragon closely misses you.
You barely miss the steam dragon. You closely miss the steam dragon.
The steam dragon breathes steam at you. The ball of steam misses you.
You hit the steam dragon. You freeze the steam dragon.
The steam dragon is lightly wounded.
You are engulfed in a cloud of scalding steam.
The steam dragon bites you but does no damage.
The steam dragon claws you but does no damage.
You hit the steam dragon but do no damage.
The steam dragon is lightly wounded.
You are engulfed in a cloud of scalding steam.
A wyvern skeleton comes into view.
You hit the steam dragon. You freeze the steam dragon.
The steam dragon is moderately wounded.
The steam dragon barely misses you.
The steam dragon claws you but does no damage.
You hit the steam dragon. You freeze the steam dragon.
The steam dragon is heavily wounded.
You are engulfed in a cloud of scalding steam.
The steam dragon bites you. The steam dragon claws you.
* * * LOW HITPOINT WARNING * * *
You closely miss the steam dragon.
The steam dragon is heavily wounded.
The steam dragon barely misses you. The steam dragon claws you.
* * * LOW HITPOINT WARNING * * *
The steam dragon breathes steam at you. The ball of steam hits you!
You die...

##........####....##
#...................
#............ ......
###.......÷.# #...... ##.
#...........##....... ...
...#.......#........ ....
#.#.........(.....# .....
#...>............#
.....####.@.....#.......#
.......##.§..#..##.......
.......#.D..##..# .......
..§.......#..#..# .......
......)####..#..# .......
....#Z.###......#........
....#..#................
.........#...?..###....
.................# ....#


You could see a steam dragon (catching breath) and a wyvern skeleton.

Vanquished Creatures
  A shadow (D:6)
  Eustachio (D:5)
  Menkaure (D:5)
  3 water moccasins
  A black bear (D:5)
  2 ogres (D:5)
  2 sky beasts
  2 ice beasts
  2 necrophages
  3 centaurs
  A phantom (D:5)
  A kobold brigand (D:4)
  A water moccasin zombie (D:5)
  2 scorpions
  2 howler monkeys (D:7)
  2 jellies
  2 bullfrog skeletons (D:5)
  5 hounds
  A centaur skeleton (D:5)
  3 iguanas
  An orc wizard (D:6)
  2 killer bee zombies
  2 hound zombies (D:5)
  4 gnolls
  8 adders
  An ufetubus (D:5)
  2 adder skeletons (D:5)
  4 worms
  3 dart slugs
  8 orcs
  6 endoplasms
  3 giant cockroaches
  4 hobgoblins
  4 jackals (D:1)
  8 quokkas
  8 ball pythons
  3 bats (D:2)
  4 frilled lizards
  7 goblins
  5 kobolds
  5 rats
130 creatures vanquished.

Vanquished Creatures (others)
  4 fungi
  3 plants
7 creatures vanquished.

Grand Total: 137 creatures vanquished

Notes
Turn   | Place    | Note
-------+----------+-------------------------------------------
     0 | D:1      | cbfl8 the Merfolk Gladiator began the quest for the Orb.
     0 | D:1      | Reached XP level 1. HP: 16/16 MP: 1/1
   287 | D:1      | Reached XP level 2. HP: 22/22 MP: 2/2
   688 | D:1      | Reached skill level 5 in Polearms
   867 | D:1      | Reached XP level 3. HP: 28/28 MP: 3/3
   925 | D:1      | Reached skill level 1 in Evocations
  1227 | D:2      | Found a faded altar of an unknown god.
  1686 | D:2      | Reached XP level 4. HP: 34/34 MP: 4/4
  2661 | D:3      | Reached skill level 6 in Polearms
  3253 | D:4      | Found a radiant altar of Vehumet.
  3460 | D:3      | Reached XP level 5. HP: 38/39 MP: 5/5
  3725 | D:4      | Reached skill level 1 in Armour
  4123 | D:4      | Found a glowing golden altar of the Shining One.
  4136 | D:4      | Noticed a necrophage
  4137 | D:4      | Noticed a kobold brigand
  4152 | D:5      | Entered Level 5 of the Dungeon
  4157 | D:5      | Killed a necrophage
  4158 | D:5      | Reached skill level 7 in Polearms
  4158 | D:5      | Reached skill level 1 in Stealth
  4158 | D:5      | Reached XP level 6. HP: 36/46 MP: 6/6
  4561 | D:5      | Found an ornate altar of the Wu Jian Council.
  4630 | D:5      | Reached XP level 7. HP: 34/52 MP: 7/7
  4849 | D:5      | Reached skill level 8 in Polearms
  5015 | D:4      | Reached skill level 9 in Polearms
  5015 | D:4      | Reached XP level 8. HP: 24/60 MP: 8/8
  5490 | D:5      | Reached skill level 5 in Dodging
  5508 | D:5      | Found an ancient bone altar of Kikubaaqudgha.
  5858 | D:5      | Reached skill level 10 in Polearms
  6425 | D:5      | Noticed Menkaure
  6432 | D:5      | Killed Menkaure
  6433 | D:5      | Reached skill level 11 in Polearms
  7200 | D:5      | Reached XP level 9. HP: 50/66 MP: 9/9
  7454 | D:5      | Noticed Eustachio
  7477 | D:5      | Killed Eustachio
  7603 | D:6      | Found a snail-covered altar of Cheibriados.
  7856 | D:6      | Found a staircase to the Ecumenical Temple.
  7942 | D:6      | Reached skill level 12 in Polearms
  7942 | D:6      | Reached skill level 5 in Evocations
  8210 | D:6      | Reached skill level 5 in Fighting
  8474 | Temple   | Entered the Ecumenical Temple
  8560 | Temple   | Became a worshipper of Warmaster Okawaru
  9123 | D:7      | Killed from afar by a steam dragon

Illustrated notes

Levels and vault maps discovered:
D:1:      dpeg_arrival_long_road, layout_basic, minivault_11
D:2:      layout_loops_cross, shapermc_ecumenical_altar_mp_urbaneastern,
          kennysheep_generic_room_13
D:3:      layout_basic
D:4:      layout_gridville, fiery_altar_vehumet, tso_altar
D:5:      minmay_razor_zed, layout_loops_corners, kiku_gazebo_garden_becter,
          nicolae_wu_jian_wuxing_cycle, kennysheep_generic_room_6,
          uniq_menkaure, uniq_eustachio
D:6:      layout_basic, mainiacjoe_overflow_paths,
          minmay_temple_entry_enclosed_plants
D:7:      layout_cave_pools, nicolae_yredelemnul_corpse_copse
D:8:      layout_loops_cross, dpeg_oklobed_lair, uniq_harold, uniq_pikel
Temple:   regret_index_temple_sphere_string

Skill      XL: |  1  2  3  4  5  6  7  8  9 |
---------------+----------------------------+-----
Polearms       | 5 6 7 9 11 12 | 12.7
Evocations     | 1 2 3 4 5 |  5.4
Armour         | 1 2 3 4 |  4.0
Stealth        | 1 |  1.3
Fighting       | 3 4 5 |  5.5
Dodging        | 5 |  5.8
Throwing       | |  2.1

Action                   |  1- 3 |  4- 6 |  7- 9 || total
-------------------------+-------+-------+-------++-------
Melee: Trident           |   114 |   160 |   278 ||   552
       Punch             |       |     1 |     2 ||     3
  Use: Scroll            |     2 |     4 |     2 ||     8
       Potion            |     2 |     1 |     2 ||     5
 Stab: Sleeping          |     1 |       |       ||     1
Armor: Leather armour    |    14 |       |       ||    14
       Scale mail        |    18 |    12 |       ||    30
       Chain mail        |       |    51 |    89 ||   140
Dodge: Dodged            |    48 |    66 |    86 ||   200
